 Dungeon Crawl Stone Soup version 0.31-a0-202-g547052bce9 (webtiles) character file.

Game seed: 11083150886965150552

70 qw the Shooter (level 4, -2/25 HPs)
             Began as a Deep Elf Hunter on June 26, 2023.
             Slain by a gnoll
             ... wielding a +0 club
              (8 damage)
             ... on level 2 of the Dungeon.
             The game lasted 00:00:27 (1109 turns).

qw the Shooter (Deep Elf Hunter)                    Turns: 1109, Time: 00:00:28

Health: -2/25      AC:  9    Str: 10    XL:     4   Next: 4%
Magic:  6/6        EV: 11    Int: 14    God:
Gold:   39         SH:  0    Dex: 18    Spells: 3/3 levels left

rFire   . . .        Y - +0 shortbow
rCold   . . .        (shield currently unavailable)
rNeg    . . .        f - +0 ring mail
rPois   .            (no helmet)
rElec   .            (no cloak)
rCorr   .            (no gloves)
SInv    .            (no boots)
Will    .....        (no amulet)
Stlth   +            j - +4 ring of protection
HPRegen 0.24/turn    (no ring)
MPRegen 0.10/turn

%: no passive effects
@: about to teleport
A: no striking features
a: no special abilities


You were on level 2 of the Dungeon.
You visited 1 branch of the dungeon, and saw 2 of its levels.

You collected 39 gold pieces.


   Skills:
 - Level 1.5 Fighting
 + Level 7.4 Ranged Weapons
 - Level 2.4 Dodging
 - Level 1.2 Stealth


You had 3 spell levels left.
You didn't know any spells.
Your spell library was empty.

Inventory:

Hand Weapons
 Y - a +0 shortbow (weapon)
Armour
 f - a +0 ring mail (worn)
Jewellery
 j - a +4 ring of protection (left hand)
Scrolls
 b - a scroll of identify
 c - a scroll of blinking {unknown}
Potions
 e - a potion of heal wounds {unknown}
 g - a potion of haste {unknown}
 m - a potion of lignification {unknown}

Dungeon Overview and Level Annotations

Branches:
Dungeon (2/15)

Altars:


Message History

The arrow hits the gnoll but does no damage.
You shoot an arrow. The arrow closely misses the gnoll.
You shoot an arrow.
The arrow hits the gnoll but does no damage.
You shoot an arrow. The arrow barely misses the gnoll.
A gnoll comes into view. It is wielding a +0 flail.
You shoot an arrow. The arrow closely misses the gnoll.
The gnoll shouts!
You shoot an arrow. The arrow closely misses the gnoll.
The gnoll hits you but does no damage.
A gnoll comes into view. It is wielding a +0 club.
The gnoll hits you but does no damage.
You shoot an arrow. The arrow barely misses the gnoll.
The arrow closely misses the gnoll.
The gnoll shouts!
The gnoll hits you with a +0 club.
You shoot an arrow. The arrow hits the gnoll.
The gnoll is moderately wounded.
A gnoll comes into view. It is wielding a +0 flail.
The gnoll barely misses you.
You shoot an arrow. The arrow barely misses the gnoll.
The arrow hits the gnoll!
The gnoll is severely wounded.
The gnoll hits you but does no damage.
You shoot an arrow. The arrow hits the gnoll.
You kill the gnoll!
The gnoll hits you with a +0 club.
You have reached level 4!
You feel clever.
You shoot an arrow.
The arrow hits the gnoll but does no damage.
The gnoll is moderately wounded.
The gnoll hits you but does no damage.
You shoot an arrow. The arrow hits the gnoll.
The gnoll is severely wounded.
The gnoll completely misses you. The gnoll hits you with a +0 club. x2
The gnoll closely misses you.
1109 ||| READING scroll of teleportation.
As you read the scroll of teleportation, it crumbles to dust.
You feel strangely unstable. The gnoll hits you with a +0 club!
You die...

...... ...... ......
......### .....).##
##.....## #######
#.......# #.......#
..##..ggg..# #.......#
.......@.).## #.......#
...##.......###.......#
............#.......#
#.$.[.....%##.#.......#
###.........#.........#
##......#.###.##.###
...#..~~~.~##.##...#.
..##.~####..#........
....#8.#~..........


You could see 3 gnolls.

Vanquished Creatures
  3 adders (D:2)
  A gnoll (D:2)
  2 ball pythons (D:1)
  3 bats
  2 endoplasms (D:1)
  2 giant cockroaches (D:1)
  4 goblins
  4 hobgoblins
  2 quokkas (D:1)
  2 frilled lizards (D:1)
  4 kobolds
  A rat (D:1)
  A spectral kobold (D:2)
31 creatures vanquished.

Notes
Turn   | Place    | Note
-------+----------+-------------------------------------------
     0 | D:1      | qw the Deep Elf Hunter began the quest for the Orb.
     0 | D:1      | Reached XP level 1. HP: 12/12 MP: 3/3
     0 | D:1      | 0 ||| qw: Version: 0.3-a-22-g0ed2b0b
     0 | D:1      | 0 ||| qw: Game counter: 6087
     0 | D:1      | 0 ||| qw: Melee chars always use a shield: true
     0 | D:1      | 0 ||| qw: God list: Okawaru
     0 | D:1      | 0 ||| qw: Allow faded altars: false
     0 | D:1      | 0 ||| qw: Do Orc after clearing Dungeon:15 true
     0 | D:1      | 0 ||| qw: Do second Lair branch before Depths: true
     0 | D:1      | 0 ||| qw: Lair rune preference: random
     0 | D:1      | 0 ||| qw: Goals: Normal
     0 | D:1      | 0 ||| PLANNING D:1-11
   147 | D:1      | Reached XP level 2. HP: 16/16 MP: 4/4
   152 | D:1      | Reached skill level 6 in Ranged Weapons
   915 | D:1      | 915 ||| UPGRADING to +0 ring mail.
   925 | D:1      | 925 ||| DROPPING +0 leather armour.
   926 | D:1      | 926 ||| UPGRADING to +4 ring of protection.
   927 | D:1      | 927 ||| READING 2 scrolls labelled WIOSTE NUAN.
   931 | D:1      | 931 ||| READING scroll labelled DUHIZX OCWADURPH.
   932 | D:1      | 932 ||| READING 2 scrolls labelled LEZIDE PAFEREI.
   933 | D:1      | 933 ||| READING scroll labelled ILAITTOCAR.
   934 | D:1      | 934 ||| READING scroll labelled YRHEOL FAUCVO.
   935 | D:1      | 935 ||| READING scroll labelled ATIWIOPHINE.
   936 | D:1      | 936 ||| DROPPING scroll of butterflies.
   937 | D:1      | 937 ||| DROPPING scroll of immolation.
   987 | D:2      | Reached XP level 3. HP: 20/20 MP: 5/5
  1041 | D:2      | Found a faded altar of an unknown god.
  1078 | D:2      | Reached skill level 7 in Ranged Weapons
  1107 | D:2      | Reached XP level 4. HP: 15/25 MP: 6/6
  1108 | D:2      | HP: 6/25 [gnoll/+0 club (5)]
  1109 | D:2      | 1109 ||| READING scroll of teleportation.
  1109 | D:2      | Slain by a gnoll

Levels and vault maps discovered:
D:1:      dpeg_arrival_pits, layout_basic, minmay_domino_2
D:2:      layout_rooms, dreamdust_ecumenical_altar_drowned_temple,
          minmay_statues_item, nicolae_grassy_gnolls

Skill      XL: |  1  2  3 |
---------------+----------+-----
Ranged Weapons | 6 7 |  7.4
Fighting       | |  1.5
Dodging        | |  2.4
Stealth        | |  1.2

Action                     |  1- 3 |  4- 6 || total
---------------------------+-------+-------++-------
   Fire: Shortbow          |    99 |     2 ||   101
    Use: Scroll            |     6 |     1 ||     7
 Armour: Ring mail         |    21 |     1 ||    22
         Leather armour    |     3 |       ||     3
  Dodge: Dodged            |    26 |     2 ||    28

Table legend:
 A = Non-vault XP
 B = Vault XP
 C = Vault XP percentage of total XP
 D = Non-vault monster count
 E = Vault monster count
 F = Vault count percentage of total count
                 A         B        C        D         E       F
            +---------+---------+-------+---------+---------+-------
      Total |      84 |      17 |  16.8 |      27 |       4 |  12.9
            +---------+---------+-------+---------+---------+-------
        D:1 |      34 |       2 |   5.6 |      19 |       2 |   9.5
        D:2 |      50 |      15 |  23.1 |       8 |       2 |  20.0
            +---------+---------+-------+---------+---------+-------
